 Dungeon Crawl Stone Soup version 0.30-a0-613-gdd512c7efb (webtiles) character file.

Game seed: 16836874996105459074

153395 themarg the Black Belt (level 17, -14/130 (135) HPs)
             Began as a Gnoll Transmuter on Jan 8, 2023.
             Was an Initiate of Gozag.
             Demolished by a pharaoh ant (33 damage)
             ... on level 3 of the Spider Nest on Jan 9, 2023.
             The game lasted 02:45:04 (34048 turns).

themarg the Black Belt (Gnoll Transmuter)          Turns: 34048, Time: 02:45:04

HP:   -14/130 (135) AC: 20    Str:  9    XL:     17   Next: 60%
MP:   25/34         EV: 14    Int: 29    God:    Gozag
Gold: 2356          SH:  0    Dex: 19    Spells: 5/42 levels left

rFire   + + +      SeeInvis +    d - +8 longbow "Zephyr" {speed, Dex+3 SInv}
rCold   + + +      Faith    .    (shield currently unavailable)
rNeg    + . .      Spirit   .    T - +0 scale mail of the Destroying Gods {+Blink rPois rF+ Int+4}
rPois   +          Reflect  .    a - +1 helmet of Starshine {Will+ Int+4 Dex+3}
rElec   +          Harm     .    b - +2 cloak {Will+}
rCorr   +          Rampage  .    r - +2 pair of gloves
Will    +++..                    w - +0 pair of boots "Kiodeif" {rN+}
Stlth   ++++                     J - amulet of magic regeneration
HPRegen 0.41/turn                U - +4 ring of slaying
MPRegen 0.64/turn                M - ring "Cechioriu" {rElec rF+ rC++}

@: mighty, brilliant, resistant, on berserk cooldown, hasted and slowed,
studying Unarmed Combat, lightly drained
A: fangs 1, strong nose, distributed training
a: Renounce Religion, Evoke Blink, Potion Petition, Call Merchant, Bribe Branch


You were on level 3 of the Spider Nest.
You worshipped Gozag.
Gozag was most pleased with you.
You visited 4 branches of the dungeon, and saw 25 of its levels.
You also visited: Ossuary, Gauntlet and Ice Cave.

You collected 9916 gold pieces.
You spent 1037 gold pieces at shops.
You paid 6523 gold pieces to Gozag.

Inventory:

Hand Weapons
 d - the +8 longbow "Zephyr" (weapon) {speed, Dex+3 SInv}
   (You took it off a minotaur in a Gauntlet)

   Dex:       It affects your dexterity (+3).
   SInv:      It lets you see invisible.
Missiles
 o - 8 silver boomerangs
 C - 5 silver javelins
 I - a throwing net
 L - a curare-tipped dart
 R - 5 atropa-tipped darts
Armour
 a - the +1 helmet of Starshine (worn) {Will+ Int+4 Dex+3}
   (You acquired it in a Gauntlet)

   Int:       It affects your intelligence (+4).
   Dex:       It affects your dexterity (+3).
   Will:      It increases your willpower.
 b - a +2 cloak of willpower (worn)
 r - a +2 pair of gloves (worn)
 w - the +0 pair of boots "Kiodeif" (worn) {rN+}
   (You found it in a Gauntlet)

   rN:        It protects you from negative energy.
 T - the +0 scale mail of the Destroying Gods (worn) {+Blink rPois rF+ Int+4}
   (You took it off a gnoll sergeant on level 6 of the Dungeon)

   Int:       It affects your intelligence (+4).
   rF:        It protects you from fire.
   rPois:     It protects you from poison.
   +Blink:    It lets you blink.
Jewellery
 m - the ring "Ewui" {Drain rF++ rCorr}
   (You found it on level 15 of the Dungeon)

   [ring of resist corrosion]

   rF:        It greatly protects you from fire.
   rCorr:     It protects you from acid and corrosion.
   Drain:     It drains your maximum health when unequipped.
 J - an amulet of magic regeneration (around neck)
 M - the ring "Cechioriu" (right hand) {rElec rF+ rC++}
   (You bought it in a shop on level 2 of the Orcish Mines)

   [ring of protection from fire]

   rF:        It protects you from fire.
   rC:        It greatly protects you from cold.
   rElec:     It insulates you from electricity.
 U - a +4 ring of slaying (left hand)
Wands
 h - a wand of iceblast (23)
 s - a wand of digging (13)
 t - a wand of flame (35)
 y - a wand of paralysis (6)
 K - a wand of mindburst (18)
 S - a wand of quicksilver (14)
 W - a wand of polymorph (6)
Scrolls
 i - 5 scrolls of enchant armour
 l - 11 scrolls of teleportation
 n - 4 scrolls of fear
 p - 2 scrolls of summoning
 q - a scroll of brand weapon
 v - a scroll of fog
 D - a scroll of amnesia
 G - a scroll of enchant weapon
 H - 3 scrolls of blinking
 P - 5 scrolls of poison
 V - 3 scrolls of silence
 X - a scroll of magic mapping
Potions
 e - 5 potions of attraction
 f - 10 potions of curing
 g - 5 potions of berserk rage
 j - a potion of cancellation
 k - 5 potions of flight
 u - 3 potions of haste
 x - 3 potions of magic
 z - 2 potions of brilliance
 A - 2 potions of resistance
 E - 12 potions of ambrosia
 N - 2 potions of mutation
 Q - 2 potions of might
 Y - 2 potions of experience
Miscellaneous
 B - a phantom mirror
 F - a phial of floods
 O - a condenser vane
 Z - a box of beasts


   Skills:
 + Level 12.4 Fighting
 + Level 12.2 Short Blades
 + Level 12.2 Long Blades
 + Level 12.2 Axes
 + Level 12.2 Maces & Flails
 + Level 12.2 Polearms
 + Level 12.2 Staves
 + Level 12.2 Ranged Weapons
 + Level 12.2 Throwing
 + Level 12.2 Armour
 + Level 13.0 Dodging
 + Level 12.2 Stealth
 + Level 12.2 Shields
 + Level 16.9 Unarmed Combat
 + Level 13.1 Spellcasting
 + Level 10.3 Conjurations
 + Level 10.3 Hexes
 + Level 10.3 Summonings
 + Level 10.3 Necromancy
 + Level 10.3 Translocations
 + Level 11.0 Transmutations
 + Level 10.3 Fire Magic
 + Level 10.3 Ice Magic
 + Level 10.3 Air Magic
 + Level 10.3 Earth Magic
 + Level 10.3 Poison Magic
 + Level 13.2 Invocations
 + Level 12.2 Evocations


You had 5 spell levels left.
You knew the following spells:

 Your Spells              Type           Power      Damage    Failure   Level
a - Beastly Appendage     Tmut           100%       N/A       1%          1
b - Wereblood             Tmut           90%        N/A       1%          2
c - Freezing Cloud        Conj/Ice/Air   43%        6-21      4%          5
d - Ice Form              Ice/Tmut       88%        N/A       1%          4
e - Blade Hands           Tmut           45%        N/A       3%          5
f - Summon Lightning Spi  Summ/Air       87%        N/A       1%          4
g - Airstrike             Air            43%        2d(7-23)  1%          4
h - Leda's Liquefaction   Hex/Erth       43%        N/A       1%          4
i - Apportation           Tloc           100%       N/A       1%          1
j - Blink                 Tloc           100%       N/A       1%          2
k - Borgnjor's Vile Clut  Necr/Erth      43%        N/A       4%          5

Your spell library contained the following spells:

 Spells                   Type           Power      Damage    Failure   Level
 Freeze                   Ice            100%       1d10      1%          1
 Kiss of Death            Conj/Necr      100%       2d13      1%          1
 Necrotise                Necr           100%       1d9       1%          1
 Sandblast                Erth           100%       2d20      1%          1
 Shock                    Conj/Air       100%       1d9       1%          1
 Summon Small Mammal      Summ           100%       N/A       1%          1
 Momentum Strike          Conj/Tloc      100%       3d10      1%          2
 Passwall                 Tmut/Erth      73%        N/A       1%          2
 Scorch                   Fire           100%       2d10      1%          2
 Static Discharge         Conj/Air       100%       2-7/arc   1%          2
 Call Canine Familiar     Summ           87%        N/A       1%          3
 Confusing Touch          Hex            87%        N/A       1%          3
 Frozen Ramparts          Ice            100%       1d16      1%          3
 Hailstorm                Conj/Ice       87%        3d17      1%          3
 Lesser Beckoning         Tloc           100%       N/A       1%          3
 Portal Projectile        Hex/Tloc       100%       N/A       1%          3
 Spider Form              Tmut/Pois      88%        N/A       1%          3
 Stone Arrow              Conj/Erth      100%       3d13      1%          3
 Summon Guardian Golem    Hex/Summ       87%        N/A       1%          3
 Tukima's Dance           Hex            87%        N/A       1%          3
 Vhi's Electric Charge    Tloc/Air       100%       N/A       1%          3
 Animate Armour           Summ/Erth      100%       N/A       1%          4
 Dispel Undead            Necr           87%        3d28      1%          4
 Flame Wave               Conj/Fire      87%        2d19      1%          4
 Arcjolt                  Conj/Air       43%        1d53      4%          5
 Iskenderun's Battlesphe  Conj           87%        2d13      4%          5
 Lightning Bolt           Conj/Air       43%        1d63      4%          5
 Death Channel            Necr           43%        N/A       28%         6
 Iron Shot                Conj/Erth      43%        9d8       28%         6
 Summon Cactus Giant      Summ           43%        N/A       28%         6
 Enfeeble                 Hex            43%        N/A       83%         7
 Spellforged Servitor     Conj/Summ      43%        N/A       83%         7
 Discord                  Hex            43%        N/A       100%        8
 Lehudib's Crystal Spear  Conj/Erth      43%        10d11     100%        8
 Chain Lightning          Conj/Air       43%        3d58      100%        9
 Fire Storm               Conj/Fire      43%        8d11      100%        9
 Polar Vortex             Ice            43%        N/A       100%        9
 Shatter                  Erth           43%        3d34*     100%        9
 Animate Dead             Necr           Unusable   N/A       N/A         4
 Simulacrum               Ice/Necr       Unusable   N/A       N/A         6

Dungeon Overview and Level Annotations

Branches:
Dungeon (15/15)            Temple (0/1) D:6            Lair (5/5) D:11
 Shoals (0/4) Lair:2       Spider (3/4) Lair:3        Slime (0/5) Lair:4
    Orc (2/2) D:11            Elf (0/3) Orc:2        Vaults (0/5) D:13
 Depths (0/4) D:15        Ossuary (visited)           IceCv (visited)
Gauntlet (visited)

Altars:
Dithmenos
Elyvilon
Fedhas
Gozag
Hepliaklqana
Kikubaaqudgha
Nemelex Xobeh
Ru
Trog
Uskayaw
Vehumet
Xom
Zin
Jiyva

Shops:
D:2 [   D:6 (   D:7 *   D:8 *   D:9 =   Orc:2 =*[(

Annotations:
D:14 Roxanne
Lair:5 exclusion: obsidian statue


Innate Abilities, Weirdness & Mutations

You have very sharp teeth.
Your uncanny sense of smell can sniff out nearby items.
Your experience applies equally to all skills.


Message History

You clumsily bash the pharaoh ant but do no damage.
The pharaoh ant is no longer distracted by gold.
The pharaoh ant misses you.
You closely miss the pharaoh ant. The pharaoh ant misses you.
The pharaoh ant bites you!
* * * LOW HITPOINT WARNING * * *
You partially resist.
You feel drained.
You miss the culicivora.
The culicivora is no longer distracted by gold.
You are no longer berserk.
You are exhausted.
You feel yourself slow down.
The ground is no longer liquid beneath you.
The culicivora completely misses you. The pharaoh ant bites you!
* * * LOW HITPOINT WARNING * * *
You partially resist.
You feel drained. The culicivora closely misses you.
Okay, then.
Okay, then. [a] - 806 gold - haste, brilliance, lignification, might and resistance [b] - 696 gold - resistance, might, haste and heal wounds [c] - 276 gold - brilliance and magic Purchase which effect?
You no longer have enough gold to bribe branches to halt enemies' attacks and recruit allies.
You feel protected.
You feel mightier all of a sudden.
You feel as though your hastened speed will last longer.
You feel much better. The pharaoh ant closely misses you.
The culicivora bites you!
The culicivora draws strength from your injuries!
The pharaoh ant bites you!!
* * * LOW HITPOINT WARNING * * *
Aiming: Freezing Cloud (dangerous; 4% risk of failure)
Press: ? - help, Dir - move target You feel a surge of power!
That beam is likely to hit you.
Continue anyway?
The culicivora is engulfed in freezing vapours.
The culicivora misses you.
The pharaoh ant is engulfed in freezing vapours.
The pharaoh ant bites you!!
You die...
Your body crumbles into a pile of gold.

#......##
###...######
##..##...##
###.#.....^## B
##.s##.......###
..#.s###^........##
..^.##
#..........## .
..s.#
#....§§§$...#....
....#
##...§§○$@.......
....#
#...§.§sB.....##
...##
#.....§§§....$# ...
#......§§§.....#
...
#......§........#
...
#...............##
#............?.##
..............#


You could see a culicivora and a pharaoh ant.

Vanquished Creatures
  Rupert (Lair:4)
  2 emperor scorpions
  2 caustic shrike zombies (D:15)
  2 ghost moths
  2 orc warlords (Orc:2)
  A broodmother (Spider:2)
  2 dire elephants (Lair:5)
  An entropy weaver (Spider:1)
  Erolcha (D:10)
  Fannar (Lair:2)
  A jorogumo (Spider:2)
  An ironbound frostheart (IceCv)
  A radroach (Spider:2)
  7 hydras
  2 catoblepae
  A death knight (D:13)
  4 centaur warriors
  A boulder beetle (D:14)
  The ghost of sokol815 the Unseen, a journeyman SpDe of Dithmenos (Lair:3)
  6 death yaks
  5 two-headed ogres
  A tengu warrior (D:14)
  3 death scarabs (Gauntlet)
  A vampire mage (D:15)
  Urug (D:13)
  2 orc high priests (Orc:2)
  3 pharaoh ants
  The ghost of Heh the Fighter, a novice OpFi (D:7)
  11 skeletal warriors
  A spectral death yak (Lair:5)
  A spectral anaconda (Lair:5)
  A spectral hydra (Gauntlet)
  The ghost of pdpol the Covert, a novice NaFE of Cheibriados (D:6)
  2 steelbarb worms
  A wizard (D:15)
  3 deep elf pyromancers
  5 orc knights
  4 necromancers
  An oklob plant (Lair:4)
  2 orc sorcerers (Orc:2)
  8 wolf spiders
  A worldbinder (Gauntlet)
  4 cyclopes
  13 ugly things
  A manticore (D:11)
  A dire elephant zombie (Lair:5)
  A merfolk siren (Lair:2)
  2 moths of wrath (Spider:3)
  7 elephants (Lair:5)
  An ice statue (IceCv)
  3 torpor snails
  6 demonic crawlers
  12 cane toads
  2 gargoyles
  5 black mambas
  Maggie (D:7)
  6 unseen horrors
  3 kobold demonologists
  An efreet (D:15)
  2 ice devils (Lair:5)
  A rime drake (Lair:5)
  A freezing wraith (D:13)
  8 komodo dragons
  A queen bee (Spider:1)
  6 trolls
  3 meliai
  8 polar bears
  10 tarantellas
  A blink frog (shapeshifter) (D:11)
  A hornet (D:9)
  Grinder (D:5)
  A spectral dream sheep (Gauntlet)
  15 blink frogs
  2 ettin zombies (D:15)
  11 jumping spiders
  5 slime creatures
  A vampire (D:11)
  3 wraiths
  7 culicivoras
  59 yaks
  2 wyverns
  3 steam dragons
  13 humans (D:13)
  A spectral komodo dragon (Gauntlet)
  A basilisk (D:12)
  13 redbacks
  A spectral cane toad (Lair:5)
  7 vampire mosquitoes
  5 wargs (Orc:1)
  8 water moccasins
  2 acid dragons
  A floating eye (shapeshifter) (D:15)
  25 orc warriors
  An ice beast (D:5)
  2 elephant zombies (Lair:5)
  A sky beast (D:6)
  A boggart (Gauntlet)
  4 ogres
  10 centaurs
  20 wolves
  3 phantoms
  An elf zombie (Ossuary)
  A kobold brigand (D:11)
  2 bullfrogs
  3 gnoll sergeants
  3 necrophages
  2 scorpions
  17 wights
  A water moccasin zombie (D:5)
  18 killer bees
  A water moccasin skeleton (D:5)
  A centaur zombie (Ossuary)
  9 howler monkeys
  2 lava snakes (D:9)
  2 bullfrog zombies (D:5)
  18 orc priests
  A human zombie (Ossuary)
  5 hounds
  4 jellies
  3 gnoll boudas
  Crazy Yiuf (D:5)
  Ijyb (D:5)
  3 iguanas
  A hell rat (D:11)
  20 orc wizards
  A hound zombie (D:5)
  A hound skeleton (D:5)
  2 mummies (Ossuary)
  24 gnolls
  5 adders
  2 river rats (D:11)
  A shadow imp (D:6)
  A white imp (D:7)
  4 ufetubi
  2 adder zombies (Ossuary)
  2 worms (D:4)
  4 dart slugs
  58 orcs
  8 ball pythons
  5 endoplasms
  A giant cockroach (D:4)
  3 hobgoblins
  4 quokkas
  5 bats
  2 frilled lizards (D:3)
  6 goblins
  2 goblin zombies (Ossuary)
  8 hobgoblin zombies (Ossuary)
  4 kobolds
  11 kobold zombies (Ossuary)
  10 orc zombies (Ossuary)
  5 rats
  A rat zombie (Ossuary)
741 creatures vanquished.

Vanquished Creatures (collateral kills)
  A minotaur (Gauntlet)
  A dire elephant (Lair:5)
  An entropy weaver (Spider:1)
  A hydra (Lair:5)
  A boulder beetle (D:14)
  An ironbound frostheart (IceCv)
  A radroach (Spider:3)
  4 two-headed ogres
  A death yak (Lair:5)
  An orc high priest (Orc:2)
  6 skeletal warriors
  2 steelbarb worms
  3 orc sorcerers (Orc:2)
  An oklob plant (Lair:4)
  3 ugly things
  4 wolf spiders
  A cyclops (D:14)
  2 orc knights
  An elephant (Lair:5)
  2 black mambas
  4 cane toads
  3 torpor snails
  2 rime drakes
  3 komodo dragons
  A freezing wraith (D:13)
  3 meliai
  2 polar bears
  A wind drake (shapeshifter) (D:14)
  10 blink frogs
  5 jumping spiders
  A vampire (D:11)
  A culicivora (Spider:2)
  2 wraiths
  16 yaks
  A redback (Spider:2)
  3 humans (D:13)
  A basilisk (Lair:5)
  A vampire mosquito (D:13)
  2 wargs (Orc:1)
  A water moccasin (Lair:3)
  8 orc warriors
  An ogre (Orc:1)
  9 wolves
  An elephant skeleton (Lair:5)
  2 bullfrogs
  8 killer bees (Spider:1)
  14 orc priests
  9 orc wizards
  18 orcs
  A goblin (Orc:1)
172 creatures vanquished.

Vanquished Creatures (others)
  16 fungi
  35 plants
  24 withered plants
75 creatures vanquished.

Grand Total: 988 creatures vanquished

Notes
Turn   | Place    | Note
-------+----------+-------------------------------------------
     0 | D:1      | themarg the Gnoll Transmuter began the quest for the Orb.
     0 | D:1      | Reached XP level 1. HP: 17/17 MP: 6/6
   113 | D:1      | Reached XP level 2. HP: 20/23 MP: 5/7
   116 | D:1      | Learned a level 2 spell: Wereblood
   601 | D:2      | Reached skill level 5 in Spellcasting
   601 | D:2      | Reached XP level 3. HP: 28/28 MP: 6/9
   605 | D:2      | Learned a level 3 spell: Spider Form
   760 | D:2      | Reached skill level 1 in Invocations
  1006 | D:2      | Found Zeleim's Antique Armour Emporium.
  1290 | D:3      | Reached skill level 1 in Short Blades
  1290 | D:3      | Reached skill level 1 in Long Blades
  1290 | D:3      | Reached skill level 1 in Axes
  1290 | D:3      | Reached skill level 1 in Maces & Flails
  1290 | D:3      | Reached skill level 1 in Polearms
  1290 | D:3      | Reached skill level 1 in Staves
  1290 | D:3      | Reached skill level 1 in Ranged Weapons
  1290 | D:3      | Reached skill level 1 in Throwing
  1290 | D:3      | Reached skill level 1 in Armour
  1290 | D:3      | Reached skill level 1 in Stealth
  1290 | D:3      | Reached skill level 1 in Shields
  1290 | D:3      | Reached skill level 1 in Evocations
  1359 | D:3      | Reached XP level 4. HP: 34/34 MP: 6/11
  1422 | D:3      | You fall into a shaft and drop 2 floors!
  1422 | D:5      | Entered Level 5 of the Dungeon
  1431 | D:5      | Reached skill level 1 in Conjurations
  1431 | D:5      | Reached skill level 1 in Hexes
  1431 | D:5      | Reached skill level 1 in Summonings
  1431 | D:5      | Reached skill level 1 in Necromancy
  1431 | D:5      | Reached skill level 1 in Translocations
  1431 | D:5      | Reached skill level 1 in Fire Magic
  1431 | D:5      | Reached skill level 1 in Ice Magic
  1431 | D:5      | Reached skill level 1 in Air Magic
  1431 | D:5      | Reached skill level 1 in Earth Magic
  1431 | D:5      | Reached skill level 1 in Poison Magic
  1624 | D:4      | Reached XP level 5. HP: 35/40 MP: 7/12
  1862 | D:4      | Reached skill level 5 in Dodging
  1862 | D:4      | Reached XP level 6. HP: 30/47 MP: 5/14
  2578 | D:3      | Found a faded altar of an unknown god.
  2897 | D:3      | Prayed at the altar of an unknown god.
  2897 | D:3      | Became a worshipper of Gozag Ym Sagoz the Greedy
  3265 | D:4      | Reached skill level 7 in Unarmed Combat
  3265 | D:4      | Reached XP level 7. HP: 52/52 MP: 11/15
  3525 | D:5      | Noticed Grinder
  3530 | D:5      | Paralysed by Grinder for 4 turns
  3544 | D:5      | Killed Grinder
  3704 | D:5      | Found a glowing silver altar of Zin.
  3722 | D:5      | Noticed Ijyb
  3722 | D:5      | Paralysed by Ijyb for 3 turns
  3739 | D:5      | Paralysed by Ijyb for 2 turns
  3749 | D:5      | Killed Ijyb
  3813 | D:5      | Reached XP level 8. HP: 57/60 MP: 7/16
  4103 | D:5      | Found a runed translucent door.
  4104 | D:5      | Noticed Crazy Yiuf
  4162 | D:5      | Killed Crazy Yiuf
  4315 | D:5      | Found a blossoming altar of Fedhas.
  4734 | D:6      | Noticed pdpol's ghost (novice NaFE)
  4829 | D:6      | Found a transporter.
  4915 | D:6      | Identified the +0 scale mail of the Destroying Gods {+Blink
                  | rPois rF+ Int+4}
  4933 | D:6      | Found a transporter.
  4987 | D:6      | Found a shadowy altar of Dithmenos.
  4993 | D:6      | Reached skill level 5 in Transmutations
  5040 | D:6      | Noticed a komodo dragon
  5061 | D:6      | Killed a komodo dragon
  5062 | D:6      | Reached XP level 9. HP: 8/67 MP: 15/18
  5297 | D:6      | Reached skill level 5 in Fighting
  5332 | D:6      | Found an ancient bone altar of Kikubaaqudgha.
  5378 | D:6      | Found Iniyf's Weapon Boutique.
  5474 | D:6      | Found a staircase to the Ecumenical Temple.
  5899 | D:7      | Reached skill level 8 in Unarmed Combat
  5901 | D:7      | Found a white marble altar of Elyvilon.
  6164 | D:7      | Found a sparkling altar of Nemelex Xobeh.
  6263 | D:7      | Reached skill level 5 in Invocations
  6322 | D:7      | Found a sand-covered staircase.
  6331 | Ossuary  | Entered an ossuary
  6550 | Ossuary  | Learned a level 4 spell: Ice Form
  6925 | D:7      | Found a runed translucent door.
  6925 | D:7      | Noticed Heh's ghost (novice OpFi)
  6939 | D:7      | Killed Heh's ghost
  6940 | D:7      | Reached skill level 5 in Short Blades
  6940 | D:7      | Reached skill level 5 in Long Blades
  6940 | D:7      | Reached skill level 5 in Axes
  6940 | D:7      | Reached skill level 5 in Maces & Flails
  6940 | D:7      | Reached skill level 5 in Polearms
  6940 | D:7      | Reached skill level 5 in Staves
  6940 | D:7      | Reached skill level 5 in Ranged Weapons
  6940 | D:7      | Reached skill level 5 in Throwing
  6940 | D:7      | Reached skill level 5 in Armour
  6940 | D:7      | Reached skill level 5 in Stealth
  6940 | D:7      | Reached skill level 5 in Shields
  6940 | D:7      | Reached skill level 5 in Evocations
  6940 | D:7      | Reached XP level 10. HP: 63/76 MP: 16/20
  7057 | D:7      | Noticed Maggie
  7081 | D:7      | Killed Maggie
  7144 | D:7      | Found Agukon's Fire Supplies.
  7277 | D:7      | Found a hazy altar of Hepliaklqana.
  7807 | D:8      | Killed an unseen horror
  8025 | D:8      | Found Ennumod's General Store.
  8030 | D:8      | Bought a +0 pair of gloves for 54 gold pieces
  8159 | D:8      | Found a hide-covered altar of Uskayaw.
  8560 | D:8      | Reached skill level 9 in Unarmed Combat
  8565 | D:8      | Reached skill level 5 in Conjurations
  8565 | D:8      | Reached skill level 5 in Hexes
  8565 | D:8      | Reached skill level 5 in Summonings
  8565 | D:8      | Reached skill level 5 in Necromancy
  8565 | D:8      | Reached skill level 5 in Translocations
  8565 | D:8      | Reached skill level 5 in Fire Magic
  8565 | D:8      | Reached skill level 5 in Ice Magic
  8565 | D:8      | Reached skill level 5 in Air Magic
  8565 | D:8      | Reached skill level 5 in Earth Magic
  8565 | D:8      | Reached skill level 5 in Poison Magic
  8565 | D:8      | Reached XP level 11. HP: 55/83 MP: 20/22
  9033 | D:6      | Killed pdpol's ghost
  9203 | D:8      | Bought a scroll of teleportation for 36 gold pieces
  9644 | D:9      | Found Jaheeho's Jewellery Shop.
  9722 | D:9      | Learned a level 5 spell: Blade Hands
 10197 | D:10     | Entered Level 10 of the Dungeon
 10304 | D:10     | Noticed a two-headed ogre
 10313 | D:10     | Killed a two-headed ogre
 10495 | D:10     | Noticed Erolcha
 10518 | D:10     | Killed Erolcha
 10689 | D:10     | Found a bloodstained altar of Trog.
 10828 | D:10     | Reached skill level 10 in Unarmed Combat
 10942 | D:10     | Found an opulent altar of Gozag.
 11446 | D:10     | Found a shimmering altar of Xom.
 11446 | D:10     | Found a sacrificial altar of Ru.
 11562 | D:11     | Reached XP level 12. HP: 74/91 MP: 21/24
 11640 | D:11     | Found a staircase to the Orcish Mines.
 11675 | D:11     | Noticed a death yak
 11676 | D:11     | Noticed a death yak
 11698 | D:11     | Killed a death yak
 11738 | D:11     | Noticed a death yak
 11743 | D:11     | Killed a death yak
 11756 | D:11     | Killed a death yak
 11958 | D:11     | Found a staircase to the Lair.
 12258 | D:11     | Learned a level 4 spell: Summon Lightning Spire
 12314 | D:11     | Found a runed translucent door.
 12314 | D:11     | Noticed a two-headed ogre
 12315 | D:11     | Found a runed translucent door.
 12315 | D:11     | Noticed a two-headed ogre
 12316 | D:11     | Found a runed translucent door.
 12485 | D:11     | Noticed a two-headed ogre
 12492 | D:11     | Killed a two-headed ogre
 12878 | D:7      | Learned a level 4 spell: Airstrike
 13063 | Lair:1   | Entered Level 1 of the Lair of Beasts
 13143 | Lair:1   | Reached skill level 11 in Unarmed Combat
 13219 | Lair:1   | Identified the +1 robe "Netott Geor" {Will- Str+9 Int+2
                  | Dex-4}
 13587 | Lair:1   | Identified the +1 ring mail "Asacya" {Harm Fly rN+++ Int-3}
 14113 | Lair:2   | Noticed a seven-headed hydra
 14125 | Lair:2   | Killed a seven-headed hydra
 14442 | Lair:2   | Noticed Fannar
 14458 | Lair:2   | Killed Fannar
 14459 | Lair:2   | Reached XP level 13. HP: 99/99 MP: 26/26
 14623 | Lair:2   | Found a staircase to the Shoals.
 14994 | Lair:2   | Reached skill level 12 in Unarmed Combat
 15423 | Lair:3   | Reached skill level 10 in Spellcasting
 15742 | Lair:3   | Found a hole to the Spider Nest.
 15893 | Lair:3   | Found a runed translucent gate.
 15894 | Lair:3   | Found a runed translucent gate.
 15894 | Lair:3   | Noticed sokol815's ghost (journeyman SpDe)
 15925 | Lair:3   | Found a runed translucent gate.
 16649 | Lair:4   | Got the Folio of Spellbinding
 16656 | Lair:4   | Noticed Rupert
 16673 | Lair:4   | Killed Rupert
 16769 | Lair:4   | Reached skill level 10 in Dodging
 16971 | Lair:4   | Found a gate leading to a gauntlet.
 16981 | Gauntlet | Entered a Gauntlet
 16981 | Gauntlet | Found a transporter.
 16981 | Gauntlet | Found a transporter.
 16991 | Gauntlet | Found a transporter.
 16995 | Gauntlet | Found a transporter.
 17003 | Gauntlet | Found a transporter.
 17007 | Gauntlet | Found a transporter.
 17015 | Gauntlet | Found a transporter.
 17032 | Gauntlet | Found a transporter.
 17050 | Gauntlet | Found a transporter.
 17051 | Gauntlet | Found a transporter.
 17059 | Gauntlet | Found a transporter.
 17063 | Gauntlet | Found a transporter.
 17064 | Gauntlet | Found a runed translucent door.
 17342 | Gauntlet | Identified the +0 pair of boots "Kiodeif" {rN+}
 17366 | Gauntlet | Identified the +4 glaive of Amortisation {spect, Int+4
                  | Dex+4}
 17366 | Gauntlet | Noticed a minotaur
 17376 | Gauntlet | Killed a minotaur
 17398 | Gauntlet | Identified a scroll of acquirement
 17452 | Lair:4   | Reached XP level 14. HP: 108/108 MP: 21/28
 17471 | Lair:4   | Reached skill level 10 in Invocations
 17503 | Lair:4   | Acquired the +1 helmet of Starshine {Will+ Int+4 Dex+3}
 17673 | Lair:4   | Found a viscous altar of Jiyva.
 17675 | Lair:4   | Found a staircase to the Slime Pits.
 18076 | Lair:4   | Reached skill level 13 in Unarmed Combat
 18180 | Lair:4   | Identified the +7 war axe of Pysh {protect, rElec rF-
                  | Dex+2}
 18664 | Lair:5   | Entered Level 5 of the Lair of Beasts
 18754 | Lair:5   | Got Orchaptel's Lectures on Gusts
 19083 | Lair:5   | Found a frozen archway.
 19131 | IceCv    | Entered an ice cave
 19269 | IceCv    | Reached skill level 10 in Fighting
 20081 | Lair:5   | Noticed a dire elephant
 20107 | Lair:5   | Noticed a dire elephant
 20108 | Lair:5   | Noticed a dire elephant
 20551 | Lair:5   | Reached skill level 10 in Short Blades
 20551 | Lair:5   | Reached skill level 10 in Long Blades
 20551 | Lair:5   | Reached skill level 10 in Axes
 20551 | Lair:5   | Reached skill level 10 in Maces & Flails
 20551 | Lair:5   | Reached skill level 10 in Polearms
 20551 | Lair:5   | Reached skill level 10 in Staves
 20551 | Lair:5   | Reached skill level 10 in Ranged Weapons
 20551 | Lair:5   | Reached skill level 10 in Throwing
 20551 | Lair:5   | Reached skill level 10 in Armour
 20551 | Lair:5   | Reached skill level 10 in Stealth
 20551 | Lair:5   | Reached skill level 10 in Shields
 20551 | Lair:5   | Reached skill level 14 in Unarmed Combat
 20551 | Lair:5   | Reached skill level 10 in Evocations
 21171 | Lair:5   | Reached XP level 15. HP: 114/117 MP: 8/30
 21585 | Lair:3   | Learned a level 5 spell: Freezing Cloud
 21590 | Lair:3   | Learned a level 4 spell: Leda's Liquefaction
 21609 | Lair:3   | Killed sokol815's ghost
 22019 | D:12     | Identified the +9 long sword of Rihoanec {heavy, rC++
                  | Int+3}
 23324 | D:12     | Learned a level 1 spell: Apportation
 23327 | D:12     | Learned a level 2 spell: Blink
 23397 | Orc:1    | Entered Level 1 of the Orcish Mines
 23756 | Orc:2    | Entered Level 2 of the Orcish Mines
 24189 | Orc:2    | Noticed an orc warlord
 24213 | Orc:2    | Killed an orc warlord
 24214 | Orc:2    | Reached skill level 15 in Unarmed Combat
 24219 | Orc:2    | Noticed an orc warlord
 24257 | Orc:2    | Killed an orc warlord
 24734 | Orc:2    | Found Raorit's Antique Armour Boutique.
 24735 | Orc:2    | Found Dooje's Antique Weapon Shop.
 24737 | Orc:2    | Found Mirem's General Store.
 24737 | Orc:2    | Found Ratuddebb's Jewellery Boutique.
 24753 | Orc:2    | Bought a scroll of blinking for 112 gold pieces
 24753 | Orc:2    | Bought a scroll of blinking for 112 gold pieces
 24753 | Orc:2    | Bought a scroll of teleportation for 45 gold pieces
 24754 | Orc:2    | Bought the ring "Cechioriu" {rElec rF+ rC++} for 678 gold
                  | pieces
 24899 | Orc:2    | Found a staircase to the Elven Halls.
 24980 | Orc:2    | Reached skill level 10 in Transmutations
 25096 | Orc:2    | Reached XP level 16. HP: 125/125 MP: 22/32
 25525 | D:11     | Identified the +4 ring mail "Gageun" {rPois Will- rCorr
                  | Dex-5}
 26432 | D:13     | Noticed Urug
 26444 | D:13     | Killed Urug
 26478 | D:13     | Identified the +3 war axe of the Squeaky God {speed, Str+4}
 26540 | D:13     | Found a gate to the Vaults.
 27524 | D:14     | Identified Roxanne's Annotations on Silt
 27524 | D:14     | Noticed Roxanne
 27592 | D:14     | Found Epserch's Assorted Antiques.
 27960 | D:14     | Reached skill level 16 in Unarmed Combat
 28638 | D:15     | Entered Level 15 of the Dungeon
 28734 | D:15     | Found a staircase to the Depths.
 29377 | D:15     | Found a radiant altar of Vehumet.
 29579 | D:15     | Identified the ring "Ewui" {Drain rF++ rCorr}
 30567 | Lair:3   | Learned a level 5 spell: Borgnjor's Vile Clutch
 30946 | Spider:1 | Entered Level 1 of the Spider Nest
 31016 | Spider:1 | Reached XP level 17. HP: 119/133 MP: 23/33
 31457 | Spider:1 | Reached skill level 10 in Conjurations
 31457 | Spider:1 | Reached skill level 10 in Hexes
 31457 | Spider:1 | Reached skill level 10 in Summonings
 31457 | Spider:1 | Reached skill level 10 in Necromancy
 31457 | Spider:1 | Reached skill level 10 in Translocations
 31457 | Spider:1 | Reached skill level 10 in Fire Magic
 31457 | Spider:1 | Reached skill level 10 in Ice Magic
 31457 | Spider:1 | Reached skill level 10 in Air Magic
 31457 | Spider:1 | Reached skill level 10 in Earth Magic
 31457 | Spider:1 | Reached skill level 10 in Poison Magic
 34048 | Spider:3 | Demolished by a pharaoh ant

Illustrated notes

Levels and vault maps discovered:
D:1:      psy_arrival_dodecagon, layout_rooms, hangedman_decor_clover_reticule
D:2:      layout_basic, serial_shops, shop
D:3:      layout_basic, dreamdust_ecumenical_altar_angels_and_demons,
          minivault_26, kennysheep_generic_room_16
D:4:      layout_loops_ring, patterned_corridor
D:5:      layout_basic, fedhas_altar_3, mainiacjoe_overflow_six_doors_small,
          serial_undead, serial_undead_f, serial_undead_d, serial_undead_e,
          serial_undead_f, chequers_serial_rivers_small_a, uniq_ijyb,
          uniq_crazy_yiuf_cottage, uniq_grinder
D:6:      layout_loops_ring, mainiacjoe_overflow_24_doors,
          mainiacjoe_overflow_small_starburst,
          minmay_temple_entry_drinking_statues, gammafunk_ghost_gnarly_gnolls,
          nicolae_take_the_stairs, minmay_hedge_maze,
          chequers_serial_rivers_small_a, st_stairs_2, dk_rats_in_the_wall
D:7:      layout_loops_ring, mainiacjoe_overflow_boulevard, elyvilon_altar_5,
          mainiacjoe_overflow_alcove_4, enter_ossuary_3, gammafunk_ghost_grave,
          nicolae_shop_fire_sale [nicolae_sub_dead_trees], uniq_maggie
D:8:      layout_loops_ring, mainiacjoe_overflow_catwalk, serial_shops,
          nicolae_shop_hallway_plus, minmay_between
D:9:      layout_loops_ring, serial_shops, shop_coins, kennysheep_doodads,
          hex_tiny
D:10:     layout_irregular_city, nicolae_overflow_crystal_walls,
          mainiacjoe_overflow_paths, gammafunk_temple_overflow_elements,
          nicolae_eternal_life, grunt_ministairs_3, item_on_display_a,
          uniq_erolcha
D:11:     minmay_the_grid_triangle_9x9_recursive_3
          [minmay_the_grid_triangle_9x9_corrupted_corridor,
          minmay_the_grid_triangle_9x9_sprig,
          minmay_the_grid_triangle_9x9_dagger,
          minmay_the_grid_triangle_9x9_prize_top_heavy,
          minmay_the_grid_triangle_9x9_swiss_cheese,
          minmay_the_grid_triangle_9x9_fully_insulated_deathbox,
          minmay_the_grid_triangle_9x9_negative_grid,
          minmay_the_grid_triangle_9x9_descending_squares,
          minmay_the_grid_triangle_9x9_empty], layout_long_grid,
          dpeg_lair_monsters, orc_0_dummy
D:12:     layout_irregular_city, serial_glass, glass_columns_a, glass_columns_a,
          lemuel_flame_loot_1
D:13:     layout_basic, david_vaults_3
D:14:     layout_loops_ring, serial_shops, nicolae_shop_behind_doors,
          serial_bayou_pond_b, uniq_roxanne
D:15:     gammafunk_depths_entry_grave, layout_grid_maze, minivault_27,
          vehumet_crystals
Lair:1:   layout_roguey, infiniplex_staircase_pool_2
Lair:2:   layout_regular_city, minmay_shoals_entry_lonely_mermaid, uniq_fannar
Lair:3:   layout_cave_pods, hellmonk_spider_entry_life_and_decay,
          gammafunk_ghost_hydra_chop, chequers_serial_rivers_small_3
Lair:4:   layout_cave_pods, minmay_slime_entry_oklob_enclosed,
          gauntlet_entry_generic, grunt_megastairs_4, uniq_rupert
Lair:5:   due_jungle_book, layout_long_grid, portal_ice_cave_demonic_guard
Spider:1: layout_chambers, special_room [special_room_bee]
Spider:2: layout_spider_delve
Spider:3: layout_cave_pods
Orc:1:    layout_caves, mines5_lemuel
Orc:2:    st_orc_congregation, layout_diamond_mine, minmay_orc_temple_b

Skill      XL: |  1  2  3  4  5  6  7  8  9 10 11 12 13 14 15 16 17 |
---------------+----------------------------------------------------+-----
Spellcasting   | 5 6 7 8 9 10 11 12 13 | 13.1
Invocations    | 1 2 3 4 5 6 7 8 9 10 11 12 13 | 13.2
Short Blades   | 1 2 3 4 5 6 7 8 9 10 11 12 | 12.2
Long Blades    | 1 2 3 4 5 6 7 8 9 10 11 12 | 12.2
Axes           | 1 2 3 4 5 6 7 8 9 10 11 12 | 12.2
Maces & Flails | 1 2 3 4 5 6 7 8 9 10 11 12 | 12.2
Polearms       | 1 2 3 4 5 6 7 8 9 10 11 12 | 12.2
Staves         | 1 2 3 4 5 6 7 8 9 10 11 12 | 12.2
Ranged Weapons | 1 2 3 4 5 6 7 8 9 10 11 12 | 12.2
Throwing       | 1 2 3 4 5 6 7 8 9 10 11 12 | 12.2
Armour         | 1 2 3 4 5 6 7 8 9 10 11 12 | 12.2
Stealth        | 1 2 3 4 5 6 7 8 9 10 11 12 | 12.2
Shields        | 1 2 3 4 5 6 7 8 9 10 11 12 | 12.2
Evocations     | 1 2 3 4 5 6 7 8 9 10 11 12 | 12.2
Conjurations   | 1 2 3 4 5 6 7 8 9 10 | 10.3
Hexes          | 1 2 3 4 5 6 7 8 9 10 | 10.3
Summonings     | 1 2 3 4 5 6 7 8 9 10 | 10.3
Necromancy     | 1 2 3 4 5 6 7 8 9 10 | 10.3
Translocations | 1 2 3 4 5 6 7 8 9 10 | 10.3
Fire Magic     | 1 2 3 4 5 6 7 8 9 10 | 10.3
Ice Magic      | 1 2 3 4 5 6 7 8 9 10 | 10.3
Air Magic      | 1 2 3 4 5 6 7 8 9 10 | 10.3
Earth Magic    | 1 2 3 4 5 6 7 8 9 10 | 10.3
Poison Magic   | 1 2 3 4 5 6 7 8 9 10 | 10.3
Fighting       | 3 4 5 6 7 8 9 10 11 12 | 12.4
Transmutations | 4 5 6 7 8 9 10 11 | 11.0
Dodging        | 5 6 7 8 9 10 11 12 13 | 13.0
Unarmed Combat | 7 8 9 10 11 12 14 15 16 | 16.9

Action                   |  1- 3 |  4- 6 |  7- 9 | 10-12 | 13-15 | 16-18 || total
-------------------------+-------+-------+-------+-------+-------+-------++-------
Melee: Unarmed           |    74 |    85 |   391 |   475 |   437 |    77 ||  1539
       Headbutt          |     8 |       |       |       |       |       ||     8
       Bite              |     4 |       |     2 |     6 |    29 |    15 ||    56
       Kick              |     4 |       |       |       |       |       ||     4
       Punch             |     3 |       |     1 |     6 |    27 |     5 ||    42
       Longbow           |       |       |       |       |       |    11 ||    11
 Fire: Longbow           |       |       |       |       |    92 |   464 ||   556
Throw: Dart              |       |       |       |    23 |     3 |       ||    26
       Boomerang         |       |       |       |       |       |     7 ||     7
 Cast: Beastly Appendage |    20 |       |     1 |     2 |       |       ||    23
       Wereblood         |     2 |     2 |     8 |    13 |     3 |       ||    28
       Spider Form       |     2 |    22 |    35 |     6 |       |       ||    65
       Ice Form          |       |       |     5 |    38 |    33 |     1 ||    77
       Blade Hands       |       |       |       |    11 |    31 |    10 ||    52
       Summon Lightning  |       |       |       |    20 |   135 |    71 ||   226
       Airstrike         |       |       |       |       |    67 |    13 ||    80
       Freezing Cloud    |       |       |       |       |    30 |    86 ||   116
       Leda's Liquefacti |       |       |       |       |    17 |    39 ||    56
       Borgnjor's Vile C |       |       |       |       |       |     7 ||     7
       Blink             |       |       |       |       |       |     1 ||     1
Invok: Potion Petition   |       |       |     1 |     1 |     8 |     4 ||    14
 Abil: End Transformatio |       |       |       |       |     2 |     1 ||     3
Evoke: Wand              |       |       |       |     4 |    10 |     3 ||    17
       Condenser vane    |       |       |       |       |     3 |     1 ||     4
       Box of beasts     |       |       |       |       |     3 |     1 ||     4
       Phantom mirror    |       |       |       |       |     3 |     1 ||     4
  Use: Potion            |       |       |     2 |       |     8 |     3 ||    13
       Scroll            |       |       |    14 |     5 |    12 |     4 ||    35
 Stab: Sleeping          |       |     5 |       |     5 |     2 |       ||    12
       Distracted        |       |       |     1 |     5 |    17 |     2 ||    25
       Invisible         |       |       |       |       |     4 |       ||     4
Armor: Robe              |    12 |       |     3 |    15 |       |       ||    30
       Skin              |       |     1 |    40 |    65 |    32 |     1 ||   139
       Steam dragon scal |       |       |       |     3 |    43 |    23 ||    69
       Scale mail        |       |       |       |       |       |   119 ||   119
Dodge: Dodged            |    45 |    64 |   326 |   298 |   254 |   210 ||  1197

Table legend: (Time is in decaauts)
 A = Elapsed time spent in this place.
 B = Non-inter-level travel time spent in this place.
 C = Inter-level travel time spent in this place.
 D = Time resting spent in this place.
 E = Time spent auto-exploring this place.
 F = Levels seen in this place.
 G = Mean time per level.
                   A        B        C        D        E       F      G
               +--------+--------+--------+--------+--------+-----+--------+
         Total |  33789 |  31516 |   2273 |   2937 |  21004 |  28 | 1206.8 |
       Dungeon |  19488 |  17697 |   1791 |   1140 |  12785 |  15 | 1299.2 |
          Lair |   7548 |   7156 |    392 |    434 |   5144 |   5 | 1509.6 |
   Spider Nest |   3135 |   3071 |     64 |    556 |   1856 |   3 | 1045.0 |
  Orcish Mines |   1865 |   1840 |     25 |    337 |    801 |   2 |  932.5 |
       Ossuary |    469 |    469 |      0 |    189 |     60 |   1 |  469.0 |
      Ice Cave |    862 |    862 |      0 |    270 |    155 |   1 |  862.0 |
      Gauntlet |    418 |    418 |      0 |      9 |    200 |   1 |  418.0 |
               +--------+--------+--------+--------+--------+-----+--------+

Top non-repeatable levels by time:
    D:11: 2307 daAuts
  Lair:5: 1965 daAuts
  Lair:3: 1745 daAuts
    D:15: 1661 daAuts
  Lair:4: 1573 daAuts
     D:7: 1484 daAuts
    D:12: 1476 daAuts
Spider:1: 1431 daAuts
    D:13: 1392 daAuts
     D:8: 1373 daAuts
     D:6: 1357 daAuts
    D:10: 1344 daAuts
Spider:2: 1327 daAuts
    D:14: 1316 daAuts
  Lair:2: 1255 daAuts
